 Dungeon Crawl Stone Soup version 0.28-a0-474-g535839065c (webtiles) character file.

Game seed: 4787364619205809053

4201 Squid the Basher (level 10, -1/90 HPs)
             Began as a Minotaur Berserker on Sept 15, 2021.
             Was a Priest of Trog.
             Shot with an arrow by a centaur (9 damage)
             ... on level 7 of the Dungeon.
             The game lasted 00:22:48 (10417 turns).

Squid the Basher (Minotaur Berserker)              Turns: 10417, Time: 00:22:48

Health: -1/90      AC: 18    Str: 25    XL:     10   Next: 8%
Magic:  9/9        EV:  8    Int:  4    God:    Trog [***...]
Gold:   418        SH:  0    Dex: 10    Spells: 9/9 levels left

rFire   . . .      SeeInvis .   j - +9 dire flail
rCold   . . .      Faith    .   (shield currently unavailable)
rNeg    . . .      Spirit   .   f - +0 plate armour
rPois   .          Reflect  .   (helmet restricted)
rElec   .          Harm     .   (no cloak)
rCorr   .          Rampage  .   (no gloves)
Will    .....                   (no boots)
Stlth   ..........              (no amulet)
HPRegen 0.25/turn               m - +4 ring of protection
MPRegen 0.11/turn               a - ring of flight

@: lethally poisoned (-1 -> -4), marked, on berserk cooldown, flying, very
slightly contaminated, slowed, invisible, very slow
A: horns 2, retaliatory headbutt
a: Renounce Religion, Berserk, Trog's Hand


You were on level 7 of the Dungeon.
You worshipped Trog.
Trog was most pleased with you.
You visited 2 branches of the dungeon, and saw 8 of its levels.

You collected 418 gold pieces.

Inventory:

Hand Weapons
 j - a +9 dire flail (weapon)
Armour
 f - a +0 plate armour (worn)
Jewellery
 a - a ring of flight (right hand)
 m - a +4 ring of protection (left hand)
Wands
 b - a wand of digging (4)
 d - a wand of mindburst (16)
Scrolls
 h - 3 scrolls of teleportation
 i - a scroll of blinking
 k - a scroll of magic mapping
 o - 2 scrolls of identify
Potions
 c - a potion of ambrosia
 g - a potion of mutation
 l - a potion of attraction
 n - a potion of berserk rage {unknown}


   Skills:
 + Level 8.7 Fighting
 + Level 11.8 Maces & Flails
 + Level 10.1 Armour
 + Level 4.2 Dodging


You had 9 spell levels left.
You didn't know any spells.
Your spell library was empty.

Dungeon Overview and Level Annotations

Branches:
Dungeon (7/15)             Temple (1/1) D:4

Altars:
Ashenzari
Cheibriados
Dithmenos
Elyvilon
Fedhas
Gozag
Hepliaklqana
Kikubaaqudgha
Makhleb
Nemelex Xobeh
Okawaru
Qazlal
Ru
Sif Muna
Trog
Uskayaw
Vehumet
Wu Jian
Xom
Yredelemnul
Zin

Shops:
D:2 (


Innate Abilities, Weirdness & Mutations

You have a pair of horns on your head.
You reflexively headbutt those who attack you in melee.


Message History

You headbutt the lemure.
You catch the helpless Pikel completely off-guard!
You sock Pikel! You headbutt Pikel!
Pikel is heavily wounded.
You feel sick.
The centaur wields a +0 shortbow.
The centaur shoots an arrow.
The arrow hits the lemure.
The kobold throws a poisoned dart.
The poisoned dart barely misses the lemure.
The poisoned dart hits you!
You are more poisoned.
Pikel hits you with a +2 whip of electrocution.
The lemure hits you but does no damage.
The centaur shoots an arrow.
The arrow barely misses the lemure. x2; The arrow hits you but does no damage.
You thump Pikel!
Pikel is almost dead.
You are no longer corroded.
You feel very sick.
The kobold throws a poisoned dart.
The poisoned dart misses the lemure.
The poisoned dart barely misses you.
The centaur shoots an arrow.
The arrow barely misses the lemure.
The arrow hits the lemure!
Pikel zaps a wand.
The bolt of acid misses you. The lemure hits you but does no damage.
Unknown command.
You impale Pikel!!
You kill Pikel!
Trog accepts your kill.
With Pikel's spell broken, his former minions thank you for their freedom.
The lemure departs this earthly plane. x2; You feel sick.
The centaur shoots an arrow.
The arrow hits the kobold.
The kobold dies!
The centaur shoots an arrow.
The arrow hits you but does no damage.
Your Armour skill increases to level 10!
You have reached level 10!
You feel sick.
Things that are here:
a +2 whip of electrocution; a +0 robe; a wand of acid (2)
You feel sick.
The centaur shoots an arrow.
The arrow completely misses you.
The centaur zaps a wand.
The bolt of acid hits you!!
* * * LOW HITPOINT WARNING * * *
The centaur shoots an arrow.
The arrow hits you!
You die...

#..... ###........#
##..........#
##...........# #.
##............# ...
##.............# ##....
#.))...........###.c..##
##..)...<.......#§§......
..)............#@)§..)...
................)##......
#..............### ......
#.............## .....
##...........## .....
###.........# ....
####.....## .... ##..###
#..#


You could see a centaur.

Vanquished Creatures
  Harold (D:7)
  Pikel (D:7)
  Joseph (D:7)
  The ghost of heikuro the Skirmisher, a novice FoFi of Gozag (D:4)
  A water moccasin (D:6)
  2 sky beasts (D:6)
  An ice beast (D:7)
  2 black bears
  The ghost of Sabo the Chopper, an amateur GnCA of Ignis (D:3)
  2 necrophages
  3 ogres
  2 lemures (D:7)
  A phantom (D:4)
  A kobold brigand (D:7)
  A bullfrog (D:4)
  A gnoll sergeant (D:5)
  2 scorpions
  5 wights (D:7)
  2 bullfrog zombies
  A jelly (D:6)
  A centaur zombie (D:5)
  A gnoll shaman (D:6)
  3 hounds
  An orc priest (D:6)
  Crazy Yiuf (D:2)
  2 centaur skeletons
  Terence (D:2)
  An orc wizard (D:3)
  A killer bee zombie (D:7)
  A hound skeleton (D:4)
  Robin (D:2)
  9 gnolls
  12 adders
  2 river rats (D:3)
  2 ufetubi (D:5)
  2 worms (D:3)
  A dart slug (D:1)
  9 orcs
  5 endoplasms
  17 goblins
  11 hobgoblins
  3 quokkas
  9 ball pythons
  6 bats
  3 frilled lizards
  8 kobolds
  8 rats
  2 bushes (D:6)
155 creatures vanquished.

Vanquished Creatures (others)
  3 kobolds (D:7)
3 creatures vanquished.

Grand Total: 158 creatures vanquished

Notes
Turn   | Place    | Note
-------+----------+-------------------------------------------
     0 | D:1      | Squid the Minotaur Berserker began the quest for the Orb.
     0 | D:1      | Reached XP level 1. HP: 19/19 MP: 0/0
   360 | D:1      | Reached XP level 2. HP: 2/27 MP: 1/1
   363 | D:1      | Reached skill level 4 in Maces & Flails
  1277 | D:1      | Reached XP level 3. HP: 33/33 MP: 2/2
  2215 | D:1      | Found a faded altar of an unknown god.
  2804 | D:2      | Noticed Robin
  2811 | D:2      | Reached ** piety under Trog
  2818 | D:2      | Killed Robin
  2819 | D:2      | Reached XP level 4. HP: 24/41 MP: 3/3
  3254 | D:2      | Noticed Terence
  3263 | D:2      | Killed Terence
  3264 | D:2      | Reached skill level 5 in Maces & Flails
  3407 | D:2      | Found Xonyn's Weapon Boutique.
  3459 | D:2      | Reached skill level 5 in Fighting
  3497 | D:2      | Found a runed translucent door.
  3498 | D:2      | Noticed Crazy Yiuf
  3596 | D:2      | Found a radiant altar of Vehumet.
  3722 | D:2      | Reached XP level 5. HP: 36/48 MP: 4/4
  4154 | D:2      | Killed Crazy Yiuf
  4297 | D:3      | Found a radiant altar of Vehumet.
  4310 | D:3      | Reached XP level 6. HP: 29/56 MP: 5/5
  5017 | D:3      | Found a runed translucent door.
  5141 | D:3      | Reached skill level 6 in Maces & Flails
  5653 | D:3      | Found a runed translucent door.
  5975 | D:3      | Noticed Sabo's ghost (amateur GnCA)
  6017 | D:3      | Killed Sabo's ghost
  6124 | D:4      | Found a broken altar of Ashenzari.
  6247 | D:4      | Reached XP level 7. HP: 52/62 MP: 6/6
  6268 | D:4      | Found a staircase to the Ecumenical Temple.
  6282 | Temple   | Entered the Ecumenical Temple
  6374 | D:4      | Reached skill level 5 in Armour
  6629 | D:4      | Found a transporter.
  6629 | D:4      | Noticed heikuro's ghost (novice FoFi)
  6632 | D:4      | Found a transporter.
  6699 | D:4      | Reached skill level 7 in Maces & Flails
  6749 | D:4      | Killed heikuro's ghost
  6750 | D:4      | Reached XP level 8. HP: 16/71 MP: 7/7
  7386 | D:5      | Entered Level 5 of the Dungeon
  7428 | D:5      | Reached skill level 8 in Maces & Flails
  8051 | D:5      | Found a stormy altar of Qazlal.
  8051 | D:5      | Found a basalt altar of Yredelemnul.
  8051 | D:5      | Found a sacrificial altar of Ru.
  8051 | D:5      | Found an ancient bone altar of Kikubaaqudgha.
  8633 | D:6      | Reached skill level 9 in Maces & Flails
  8810 | D:6      | Found a bloodstained altar of Trog.
  9132 | D:6      | Reached *** piety under Trog
  9298 | D:6      | Reached XP level 9. HP: 55/79 MP: 8/8
 10037 | D:7      | Noticed Joseph
 10057 | D:7      | Killed Joseph
 10058 | D:7      | Reached skill level 10 in Maces & Flails
 10104 | D:7      | Found a hide-covered altar of Uskayaw.
 10375 | D:7      | Noticed Harold
 10387 | D:7      | Noticed Pikel
 10390 | D:7      | Killed Harold
 10391 | D:7      | Reached skill level 11 in Maces & Flails
 10415 | D:7      | Killed Pikel
 10416 | D:7      | Reached skill level 10 in Armour
 10416 | D:7      | Reached XP level 10. HP: 36/90 MP: 9/9
 10417 | D:7      | Shot with an arrow by a centaur

Illustrated notes

Levels and vault maps discovered:
D:1:      lightli_arrival_maybe_door_vault, layout_basic,
          shapermc_ecumenical_altar_pompeii, hangedman_feature_mirror,
          minmay_circled_x
D:2:      layout_rooms, serial_shops, shop, basic_altar, supply_closet_lemuel,
          nrook_loot_triangle, uniq_robin, uniq_crazy_yiuf_cottage, uniq_terence
D:3:      layout_loops_corners, mainiacjoe_overflow_six_doors_small,
          ebering_ghost_sewer_f
D:4:      layout_loops_ring, cheibrodos_ashenzari_chains,
          minmay_temple_entry_glass, gammafunk_ghost_smash, minmay_crystal_room
D:5:      wad_pebble_path, layout_basic,
          chequers_temple_overflow_statue_of_worship
D:6:      layout_cave_pods, mainiacjoe_overflow_tiny_flanked, minivault_10,
          minmay_splitting_lines, amethyst_killhole
D:7:      layout_cave_pods, marbit_many_paths, mainiacjoe_overflow_brackets,
          st_stairs_4, uniq_maggie, uniq_joseph, uniq_pikel, uniq_harold
Temple:   cyrus_circular_temple

Skill      XL: |  1  2  3  4  5  6  7  8  9 |
---------------+----------------------------+-----
Maces & Flails | 4 5 6 7 9 11 | 11.8
Fighting       | 4 5 6 7 8 |  8.7
Dodging        | 3 4 |  4.2
Armour         | 3 4 6 8 10 | 10.1

Action                   |  1- 3 |  4- 6 |  7- 9 | 10-12 || total
-------------------------+-------+-------+-------+-------++-------
Melee: Mace              |    58 |   107 |    15 |       ||   180
       Headbutt          |     5 |    18 |    43 |       ||    66
       Dire flail        |       |       |   149 |       ||   149
Invok: Berserk           |     3 |     6 |     6 |       ||    15
       Trog's Hand       |     1 |     5 |     7 |       ||    13
  Use: Scroll            |     5 |     8 |     8 |       ||    21
       Potion            |       |       |     2 |       ||     2
 Stab: Invisible         |       |       |     1 |       ||     1
Armor: Animal skin       |    24 |       |       |       ||    24
       Scale mail        |       |    27 |       |       ||    27
       Chain mail        |       |    18 |     7 |       ||    25
       Plate armour      |       |       |    99 |       ||    99
Dodge: Dodged            |    63 |    81 |    79 |     1 ||   224

Table legend: (Time is in decaauts)
 A = Elapsed time spent in this place.
 B = Non-inter-level travel time spent in this place.
 C = Inter-level travel time spent in this place.
 D = Time resting spent in this place.
 E = Time spent auto-exploring this place.
 F = Levels seen in this place.
 G = Mean time per level.
                   A        B        C        D        E       F      G
               +--------+--------+--------+--------+--------+-----+--------+
         Total |  10550 |  10272 |    278 |   3607 |   4916 |   8 | 1318.8 |
       Dungeon |  10463 |  10185 |    278 |   3607 |   4871 |   7 | 1494.7 |
        Temple |     87 |     87 |      0 |      0 |     45 |   1 |   87.0 |
               +--------+--------+--------+--------+--------+-----+--------+

Top non-repeatable levels by time:
     D:1: 2752 daAuts
     D:3: 1926 daAuts
     D:2: 1557 daAuts
     D:6: 1406 daAuts
     D:5: 1239 daAuts
     D:4: 1184 daAuts
     D:7: 395 daAuts
  Temple: 87 daAuts
